Map: Ulrena

Players

llllllllllll - Winner!

  • Race: Zerg Zerg

LilDicky

  • Race: Zerg Zerg
  • League: Diamond

VOD

http://www.twitch.tv/tumescentpie

Description

Time

  • Played on: Dec. 11, 2015, 5:23 p.m.
  • Length: 3:37
Show
View Real Time Build Order
Export as new Build Order

llllllllllll Zerg - Winner!

Build Orders: Hatch First 

Get SALT Encoding   

  12  0:01  Drone  
  13  0:12  Overlord  
  13  0:18  Drone  
  14  0:24  Drone, Extractor  
  15  0:35  Drone x2  
  17  0:55  Hatchery  
  16  1:09  Spawning Pool  
  16  1:10  Drone  
  16  1:14  Drone  
  16  1:17  Drone  
  18  1:21  Extractor  
  18  1:22  Drone  
  18  1:34  Overlord  
  18  1:57  Queen, Zergling x4  
  18  2:00  Spine Crawler  
  21  2:15  Zergling x4  
  17  2:32  Zergling x4  
  19  2:51  Queen  
  21  3:06  Zergling x2  
  21  3:07  Zergling x2  
  21  3:08  Drone x2  
Show
View Real Time Build Order
Export as new Build Order

LilDicky Zerg 

Build Orders: Pool Only 

Get SALT Encoding   

  12  0:18  Spawning Pool  
  11  0:31  Drone x2  
  11  0:35  Extractor  
  12  1:05  Zergling x4  
  12  1:07  Overlord  
  14  1:14  Extractor  
  14  1:17  Spine Crawler, Queen  
  16  1:29  Zergling x4  
  18  1:43  Metabolic Boost  
  18  1:45  Zergling x2  
  19  1:49  Zergling x2  
  20  2:05  Zergling x2  
  20  2:20  Zergling x2  
  21  2:22  Overlord  
  21  2:51  Zergling x6  
  24  3:03  Zergling x8  
  27  3:18  Zergling x2  
Tags
 
Add a new tag
Caveats
  • Supply blocks, unpowered buildings, or Contaminate may cause inaccurate times.
  • Supply counts are checked every 10 seconds.